AoeStats
← DIONEL

Arabia

508359314Analyzed
4v4 RM · 9d ago on Sep 22, 2026· 46m 30s· 8 players
Game mode
Random Map
Map size
Large (8 player)
Population
200
Speed
Normal
Resources
Standard
Victory
Conquest
Starting age
Dark Age
Ending age
Imperial Age
RankedLock teamsTeams togetherTeam positionsShared explorationLock speedFull tech treeHidden civsTurbo modeCheats
Victory
Defeat
🇦🇷 Franks · Argentina
1294
+10
🇦🇷 Wei · Argentina
1200
+13
🇦🇷 Ethiopians · Argentina
1140
+16
🇦🇷 Ethiopians · Argentina
1093
+18
🇨🇱 Vikings · Chile
1165
-15
🇲🇽 Dravidians · Mexico
1149
-15
🇵🇪 Huns · Peru
1144
-14
🇺🇸 Romans · United States
1116
-13
PeppyIsland31
2:31 Loom
10:48 Feudal Age
10:48 Loom
11:26 Double-Bit Axe
11:30 Man-at-Arms
14:26 Wheelbarrow
13:35 Horse Collar
21:08 Castle Age
22:59 Bow Saw
23:34 Heavy Plow
24:16 Pikeman
25:00 Scale Mail Armor
26:49 Hand Cart
26:21 Town Watch
30:11 Chain Mail Armor
31:34 Forging
35:35 Imperial Age
36:14 Halberdier
36:56 Squires
38:23 Gold Mining
39:26 Iron Casting
39:54 Long Swordsman
DIONEL
12:15 Feudal Age
20:02 Castle Age
18:00 Double-Bit Axe
18:09 Horse Collar
27:21 Bow Saw
28:29 Husbandry
28:40 Bloodlines
34:02 Murder Holes
34:27 Ballistics
35:45 Gold Mining
35:46 Stone Mining
36:55 Wheelbarrow
41:31 Imperial Age
38:57 Town Watch
39:34 Scale Barding Armor
39:40 Forging
39:46 Forging
40:44 Heavy Plow
42:19 Hand Cart
41:43 Cavalier
43:51 Chemistry
44:18 Paladin
45:55 Light Cavalry
ic.adelira
7:04 Loom
9:42 Feudal Age
10:19 Double-Bit Axe
14:19 Horse Collar
16:45 Wheelbarrow
19:05 Forging
24:19 Castle Age
24:20 Scale Barding Armor
28:37 Husbandry
30:21 Pikeman
32:03 Fletching
33:57 Heavy Plow
34:01 Gold Mining
35:48 Bow Saw
37:15 Chain Barding Armor
45:00 Imperial Age
43:29 Iron Casting
45:10 Hand Cart
46:31 Bodkin Arrow
47:36 Blast Furnace
Buforbotzo
0:39 Loom
12:23 Feudal Age
13:37 Double-Bit Axe
13:34 Horse Collar
19:43 Fletching
22:04 Castle Age
21:08 Padded Archer Armor
21:40 Scale Mail Armor
22:45 Forging
23:33 Gold Mining
23:35 Stone Mining
23:49 Town Watch
24:27 Squires
24:50 Pikeman
28:01 Iron Casting
30:34 Bodkin Arrow
31:39 Elite Skirmisher
34:18 Leather Archer Armor
34:34 Ballistics
36:47 Arson
41:55 Imperial Age
39:44 Gold Mining
41:49 Chieftains
43:40 Blast Furnace
46:31 Chain Mail Armor
edgun
7:17 Loom
9:27 Feudal Age
10:43 Double-Bit Axe
10:40 Horse Collar
14:56 Gold Mining
19:33 Castle Age
18:18 Scale Barding Armor
18:13 Stone Mining
19:22 Wheelbarrow
20:55 Bow Saw
20:58 Forging
20:51 Heavy Plow
20:57 Husbandry
22:45 Iron Casting
23:46 Hand Cart
26:00 Gold Shaft Mining
26:00 Stone Shaft Mining
27:36 Bloodlines
28:42 Chain Barding Armor
31:06 Town Watch
39:16 Imperial Age
36:48 Town Patrol
41:46 Fletching
42:57 Blast Furnace
42:21 Elite Tiger Cavalry
44:32 Crop Rotation
43:49 Heavy Hei Guang Cavalry
PeeluK4
10:13 Feudal Age
8:30 Loom
13:07 Fletching
19:28 Castle Age
19:39 Crossbowman
20:26 Thumb Ring
20:19 Bodkin Arrow
20:25 Padded Archer Armor
22:40 Double-Bit Axe
29:15 Ballistics
32:36 Padded Archer Armor
38:16 Imperial Age
35:29 Man-at-Arms
42:03 Chemistry
42:43 Arbalester
45:22 Bracer
45:37 Leather Archer Armor
Siimlol
6:55 Loom
9:22 Feudal Age
9:55 Double-Bit Axe
18:59 Gold Mining
21:13 Castle Age
19:39 Scale Barding Armor
20:09 Forging
22:39 Bow Saw
22:35 Husbandry
23:00 Chain Barding Armor
29:05 Town Watch
34:11 Wheelbarrow
34:59 Stone Mining
36:35 Hand Cart
39:05 Imperial Age
38:00 Iron Casting
40:25 Plate Barding Armor
39:11 Cavalier
40:46 Gold Shaft Mining
41:10 Conscription
42:53 Blast Furnace
42:33 Paladin
46:13 Town Patrol
Escaracho
7:02 Loom
9:18 Feudal Age
12:14 Double-Bit Axe
14:01 Fletching
19:35 Horse Collar
24:44 Castle Age
24:19 Padded Archer Armor
25:27 Bodkin Arrow
25:48 Leather Archer Armor
25:40 Thumb Ring
24:58 Crossbowman
25:47 Thumb Ring
26:03 Bow Saw
26:35 Heavy Plow
26:37 Gold Mining
26:57 Stone Mining
33:02 Wheelbarrow
36:21 Imperial Age
35:33 Gold Shaft Mining
36:30 Stone Shaft Mining
37:01 Ballistics
37:14 Bracer
37:45 Ring Archer Armor
37:02 Arbalester
39:21 Conscription
39:56 Onager
42:07 Chemistry
Connection lost

Rejoining the realm…

Still unreachable

The connection could not be restored.

Session expired

The server has moved on; the page needs a fresh start.